[Event "Titled Tuesday Blitz May 2 Early 2023"]
[White "Osinovsky, Stepan"]
[Black "Aldokhin, Ivan"]
[WhiteFideId "4157354"]
[BlackFideId "24115720"]
[WhiteElo "2222"]
[BlackElo "2322"]
[Result "1-0"]
[Round "11"]
[TimeControl "180+2"]
[Date "2023.05.03"]
[WhiteClock "0:00:00"]
[BlackClock "0:00:00"]

1. e4 c5 2. Nf3 e6 3. d3 Nc6 4. Nbd2 g6 5. g3 Bg7 6. Bg2 d5 7. O-O Nge7 8. Re1 O-O 9. Qe2 Bd7 10. h4 Rc8 11. h5 Nd4 12. Nxd4 cxd4 13. exd5 Nxd5 14. Bxd5 exd5 15. Nb3 Re8 16. Qd1 Rxe1+ 17. Qxe1 Rxc2 18. h6 Bf6 19. Qd1 Rc6 20. Bf4 g5 21. Bd2 Bf5 22. Qf3 Qd7 23. Re1 Re6 24. Rxe6 Qxe6 25. Nc5 Qc8 26. g4 Qxc5 27. Qxf5 Qc6 28. Bxg5 Bxg5 29. Qxg5+ Kf8 30. Qg7+ Ke7 31. Qxh7 Qc1+ 32. Kg2 Qf4 33. Qg7 Qf6 34. Qxf6+ Kxf6 35. g5+ Kg6 36. f4 f5 37. Kf2 b6 38. Ke2 a6 39. Kd2 Kf7 40. Kc2 Kg6 41. Kb3 Kf7 42. Kb4 Kg6 43. a4 1-0


[Site "https://www.chess.com"]

[Event "Titled Tuesday Blitz May 2 Early 2023"]
[White "Veiga, Jose Francisco R P Neves"]
[Black "Petrova, Irina"]
[WhiteFideId "1930087"]
[BlackFideId "14124122"]
[WhiteElo "2320"]
[BlackElo "2084"]
[Result "1-0"]
[Round "11"]
[TimeControl "180+2"]
[Date "2023.05.03"]
[WhiteClock "0:00:00"]
[BlackClock "0:00:00"]

1. d4 d6 2. Nf3 g6 3. e4 Bg7 4. Nc3 Nf6 5. h3 O-O 6. Be3 Nc6 7. a4 e5 8. dxe5 dxe5 9. Bc4 Qxd1+ 10. Rxd1 Nh5 11. Nd5 Nf4 12. Bxf4 exf4 13. c3 Ne5 14. Ne7+ Kh8 15. Nxe5 Bxe5 16. Nxc8 Raxc8 17. Rd7 Kg7 18. Ke2 b6 19. Rhd1 Bd6 20. Kf3 Rcd8 21. Rxd8 Rxd8 22. e5 Be7 23. Rxd8 Bxd8 24. Kxf4 c5 25. g4 Bc7 26. g5 Kf8 27. Ke4 Ke7 28. f4 Bb8 29. h4 Ke8 30. Kd5 Kd7 31. Bb5+ Kc7 32. Be8 Kd8 33. Bxf7 Ke7 34. Be6 a6 35. Bc8 b5 36. a5 Ba7 37. Bxa6 b4 38. Bc4 bxc3 39. bxc3 Kd7 40. Bb5+ Ke7 41. c4 Bb8 42. Ba4 Ba7 43. Bc2 Bb8 44. Kxc5 Ba7+ 45. Kd5 Bf2 46. a6 1-0


[Site "https://www.chess.com"]

[Event "Titled Tuesday Blitz May 2 Early 2023"]
[White "Martinez Reyes, Pedro Ramon"]
[Black "Liu, Casper"]
[WhiteFideId "3901807"]
[BlackFideId "1454153"]
[WhiteElo "2340"]
[BlackElo "2221"]
[Result "1-0"]
[Round "11"]
[TimeControl "180+2"]
[Date "2023.05.03"]
[WhiteClock "0:00:00"]
[BlackClock "0:00:00"]

1. d4 Nf6 2. c4 g6 3. Nc3 Bg7 4. Nf3 O-O 5. e4 d6 6. Bd3 Na6 7. O-O Bg4 8. Be3 e5 9. d5 Nc5 10. Bc2 a5 11. a3 Nh5 12. h3 Bxf3 13. Qxf3 Qh4 14. b4 Nd7 15. Nb5 f5 16. exf5 e4 17. Qg4 Qxg4 18. hxg4 Bxa1 19. gxh5 Be5 20. fxg6 hxg6 21. hxg6 axb4 22. axb4 Nf6 23. Nxc7 Ra2 24. Bb1 Rb2 25. Ne6 Rc8 26. c5 Ra8 27. c6 bxc6 28. dxc6 d5 29. c7 Ne8 30. Rc1 Nxc7 31. Nxc7 Bxc7 32. Rxc7 Rxb1+ 33. Kh2 Rxb4 34. Bh6 Rab8 35. Rg7+ Kh8 36. Rh7+ Kg8 37. Rg7+ Kh8 38. Rd7 R4b7 39. Rxd5 Re8 40. Rh5 Kg8 41. Be3 Re6 42. Bd4 Rxg6 43. Rh8+ Kf7 44. Rh7+ Ke6 45. Rxb7 Kd5 46. Be3 Ke5 47. Rb5+ Kf6 48. Rh5 Rg8 49. g3 Ke6 50. Kh3 Kf7 51. g4 Ke6 52. Kg3 Rf8 53. Rf5 Rxf5 54. gxf5+ Kxf5 55. Kh4 Ke5 56. Kg4 Kd5 57. Kf4 Kd6 58. Kxe4 Ke6 59. f4 Kf7 60. f5 Ke7 61. Bg5+ Kf7 62. Ke5 Ke8 63. f6 Kf8 64. Ke6 Ke8 65. f7+ Kf8 66. Bh6# 1-0


[Site "https://www.chess.com"]

[Event "Titled Tuesday Blitz May 2 Early 2023"]
[White "Bouget, Alexandre"]
[Black "Skliarov, Viktor"]
[WhiteFideId "681318"]
[BlackFideId "14106736"]
[WhiteElo "2182"]
[BlackElo "2317"]
[Result "1/2-1/2"]
[Round "11"]
[TimeControl "180+2"]
[Date "2023.05.03"]
[WhiteClock "0:00:00"]
[BlackClock "0:00:00"]

1. d4 Nf6 2. c4 e6 3. Nc3 Bb4 4. a3 Bxc3+ 5. bxc3 c5 6. f3 d6 7. e4 Nc6 8. Be3 b6 9. Bd3 e5 10. d5 Na5 11. Ne2 Ba6 12. Ng3 h6 13. O-O g5 14. Nf5 Qd7 15. Qe2 O-O-O 16. a4 Ng8 17. Rfb1 Ne7 18. Rb5 Nxf5 19. exf5 Bxb5 20. axb5 f6 21. Ra3 h5 22. Qa2 g4 23. fxg4 hxg4 24. Bf2 Rh5 25. Qe2 Qg7 26. Qe4 Rdh8 27. Bg3 Rxh2 28. Bxh2 g3 29. Bxg3 Qxg3 30. Qf3 Qe1+ 31. Bf1 Qh4 32. Ra1 Qh2+ 33. Kf2 Rh4 34. Ke3 Qg1+ 35. Kd2 Rf4 36. Qg3 Qf2+ 37. Qxf2 Rxf2+ 38. Ke3 Rc2 39. Kd3 Rb2 40. g4 Rh2 41. Be2 Kd7 42. Rg1 Ke7 43. g5 fxg5 44. Rxg5 Kf6 45. Rg6+ Kxf5 46. Rxd6 e4+ 47. Ke3 Rh3+ 48. Kd2 Rh2 49. Ke3 Nb3 50. Rd7 Nc1 51. Bd1 Rh3+ 52. Kd2 Nd3 53. Rxa7 Ne5 54. Be2 e3+ 55. Kc2 Rh2 56. Kd1 Rh1+ 57. Kc2 Re1 58. Bh5 Rh1 59. Be2 Rh2 60. Kd1 Rh1+ 61. Kc2 1/2-1/2


[Site "https://www.chess.com"]

[Event "Titled Tuesday Blitz May 2 Early 2023"]
[White "Gracia Alvarez, Gerardo Antonio"]
[Black "Hajiyev, Kanan"]
[WhiteFideId "5109124"]
[BlackFideId "13404148"]
[WhiteElo "2160"]
[BlackElo "2103"]
[Result "0-1"]
[Round "11"]
[TimeControl "180+2"]
[Date "2023.05.03"]
[WhiteClock "0:00:00"]
[BlackClock "0:00:00"]

1. e4 c6 2. d4 d5 3. Nc3 a6 4. Nf3 Bg4 5. h3 Bh5 6. g4 Bg6 7. exd5 cxd5 8. Ne5 Nc6 9. Nxg6 hxg6 10. Bg2 e6 11. O-O Nf6 12. Be3 Bb4 13. Ne2 Ba5 14. f4 Bc7 15. Qd3 Qd6 16. c3 Ne4 17. Bxe4 dxe4 18. Qxe4 Rxh3 19. Kg2 Rh8 20. Rh1 O-O-O 21. b4 f5 22. gxf5 exf5 23. Qf3 Rde8 24. Rxh8 Rxh8 25. Rh1 Rxh1 26. Kxh1 g5 27. Qh3 Qd5+ 28. Kg1 Qxa2 29. Qxf5+ Kb8 30. Nc1 Qc4 31. d5 Qxc3 32. Qe4 gxf4 33. Ne2 Qxe3+ 0-1


[Site "https://www.chess.com"]

[Event "Titled Tuesday Blitz May 2 Early 2023"]
[White "Topalov, Aleksandar"]
[Black "Shukhman, Anna"]
[WhiteFideId "925659"]
[BlackFideId "54180058"]
[WhiteElo "2151"]
[BlackElo "2125"]
[Result "0-1"]
[Round "11"]
[TimeControl "180+2"]
[Date "2023.05.03"]
[WhiteClock "0:00:00"]
[BlackClock "0:00:00"]

1. b3 Nf6 2. Bb2 g6 3. Bxf6 exf6 4. c4 Bg7 5. Nc3 O-O 6. e3 f5 7. Nge2 Re8 8. g3 c6 9. Bg2 d5 10. cxd5 cxd5 11. d4 Be6 12. O-O Na6 13. Nf4 Nc7 14. Qf3 Rc8 15. Rac1 g5 16. Nh5 f6 17. Qd1 Qd7 18. Bf3 b5 19. Be2 a6 20. a4 b4 21. Na2 a5 22. Rc5 Bf7 23. Rxa5 Ne6 24. Nxb4 f4 25. Nxd5 Qd8 26. Nxg7 Nxg7 27. Bc4 Qxa5 28. Nxf6+ Kf8 29. Nxh7+ Ke7 30. Bxf7 Kxf7 31. Qg4 Kg6 32. b4 Qd5 33. e4 Qd8 34. gxf4 Kxh7 35. fxg5 Qxd4 36. g6+ Kg8 37. Qh4 Rc6 38. Qh7+ Kf8 39. b5 Rce6 40. Rc1 Rxe4 41. Qh8+ Ke7 42. Rc7+ Kd8 43. Qxg7 Rg4+ 0-1


[Site "https://www.chess.com"]

[Event "Titled Tuesday Blitz May 2 Early 2023"]
[White "Kukula, Pawel"]
[Black "Goswami, Vedant"]
[WhiteFideId "1115081"]
[BlackFideId "5003725"]
[WhiteElo "2012"]
[BlackElo "2011"]
[Result "0-1"]
[Round "11"]
[TimeControl "180+2"]
[Date "2023.05.03"]
[WhiteClock "0:00:00"]
[BlackClock "0:00:00"]

1. b4 e5 2. Bb2 d6 3. e3 Nf6 4. Nf3 e4 5. Nd4 c5 6. bxc5 dxc5 7. Nb3 Nc6 8. Bb5 Bd7 9. O-O Bd6 10. f4 O-O 11. Nc3 Qe7 12. Bxc6 Bxc6 13. Ne2 Bb5 14. a4 Ba6 15. Ng3 Bxf1 16. Qxf1 Qe6 17. Nc1 Nd5 18. Nce2 f5 19. Nc3 Nb4 20. Rc1 Be7 21. Qb5 b6 22. a5 Bf6 23. Nh5 Be7 24. Ne2 g6 25. Nhg3 a6 26. Qxb6 Qxb6 27. axb6 Rab8 28. Bc3 Rxb6 29. Bxb4 cxb4 30. Nd4 Bf6 31. Nb3 Rc8 32. Kf2 Rbc6 33. Nd4 Bxd4 34. exd4 Rxc2 35. Rd1 b3 36. Ne2 b2 37. Ke3 Rc1 38. Nxc1 bxc1=Q 0-1


[Site "https://www.chess.com"]

[Event "Titled Tuesday Blitz May 2 Early 2023"]
[White "Dinu, Dumitru-Daniel"]
[Black "Clawitter, Craig"]
[WhiteFideId "1208403"]
[BlackFideId "2023105"]
[WhiteElo "2240"]
[BlackElo "2050"]
[Result "1/2-1/2"]
[Round "11"]
[TimeControl "180+2"]
[Date "2023.05.03"]
[WhiteClock "0:00:00"]
[BlackClock "0:00:00"]

1. e4 e6 2. d4 d5 3. exd5 exd5 4. Nf3 Bd6 5. c4 Nf6 6. Nc3 O-O 7. cxd5 h6 8. Be2 Nbd7 9. O-O Nb6 10. Qb3 Nfxd5 11. Nxd5 Nxd5 12. Bc4 c6 13. Qc2 Bg4 14. Ne5 Qh4 15. g3 Qh5 16. Nxg4 Qxg4 17. Bxd5 cxd5 18. Be3 h5 19. Qd1 Rac8 20. Qxg4 hxg4 21. Rfc1 Rfe8 22. Kf1 Kh7 23. Ke2 Kg6 24. Rxc8 Rxc8 25. Rc1 Rxc1 26. Bxc1 Kf5 27. Kd3 Bb4 28. Bf4 Ba5 29. Be5 f6 30. Bd6 Ke6 31. Bb8 Bb6 32. Ke3 Kf5 33. b4 a6 34. a4 g5 35. Bd6 Ke6 36. Bf8 Bc7 37. f3 Kf5 38. a5 gxf3 39. Kxf3 g4+ 40. Ke3 Kg5 41. Bc5 f5 42. Be7+ Kg6 43. Bc5 Kg5 44. Be7+ Kg6 45. Bc5 Kg5 1/2-1/2


[Site "https://www.chess.com"]

[Event "Titled Tuesday Blitz May 2 Early 2023"]
[White "Adithya A Chullikkad"]
[Black "Kim, Sergey"]
[WhiteFideId "45078734"]
[BlackFideId "13700570"]
[WhiteElo "1984"]
[BlackElo "2295"]
[Result "0-1"]
[Round "11"]
[TimeControl "180+2"]
[Date "2023.05.03"]
[WhiteClock "0:00:00"]
[BlackClock "0:00:00"]

1. d4 Nf6 2. c4 g6 3. Nc3 Bg7 4. e4 d6 5. Nf3 O-O 6. Be2 e5 7. O-O exd4 8. Nxd4 Re8 9. f3 Nbd7 10. Be3 c6 11. b3 a5 12. Qc2 Nc5 13. Rad1 Nfd7 14. a3 Qb6 15. b4 axb4 16. axb4 Qxb4 17. Rb1 Qa5 18. f4 Nf6 19. e5 dxe5 20. fxe5 Ng4 21. Bxg4 Bxg4 22. h3 Rxe5 23. Bd2 Ree8 24. Nce2 Bxe2 25. Bxa5 Bxd4+ 26. Kh1 Bxf1 27. Rxf1 Rxa5 28. Qd2 Nb3 29. Qb4 Ra1 30. Rxa1 Nxa1 31. Qxb7 c5 32. g3 Nc2 33. Kg2 Ne3+ 34. Kf3 Nxc4 35. Qb5 Ne5+ 36. Kg2 Rf8 37. h4 h5 38. Qe2 Ng4 39. Qe4 Kg7 40. Qb7 Re8 41. Qb5 Re3 42. Qa6 Be5 43. Qc6 Rxg3+ 44. Kf1 Bd4 45. Qd6 Rf3+ 46. Ke2 Rf6 47. Qd5 Re6+ 48. Kd2 Ne3 49. Qd8 Nf5 50. Qc8 Nxh4 51. Qc6 0-1


[Site "https://www.chess.com"]

[Event "Titled Tuesday Blitz May 2 Early 2023"]
[White "Bilan, Danila"]
[Black "Harriott, Tyrell"]
[WhiteFideId "24161918"]
[BlackFideId "2086484"]
[WhiteElo "2182"]
[BlackElo "2107"]
[Result "1-0"]
[Round "11"]
[TimeControl "180+2"]
[Date "2023.05.03"]
[WhiteClock "0:00:00"]
[BlackClock "0:00:00"]

1. d4 d6 2. Nf3 Nf6 3. Bg5 Nbd7 4. Nbd2 e5 5. e3 Be7 6. Bc4 c6 7. c3 Qc7 8. O-O Nf8 9. h3 Ng6 10. Qc2 O-O 11. Rad1 Re8 12. dxe5 dxe5 13. Ne4 Nh5 14. Qb3 Rf8 15. a4 h6 16. Bxe7 Qxe7 17. Nd6 Nh8 18. Rd2 e4 19. Nh2 Rb8 20. Rfd1 Nf6 21. Nxc8 Rfxc8 22. Ng4 Nxg4 23. Rd7 Qg5 24. Bxf7+ Nxf7 25. Qxf7+ Kh8 26. hxg4 Qxg4 27. R1d6 Rf8 28. Rxh6+ 1-0


[Site "https://www.chess.com"]

[Event "Titled Tuesday Blitz May 2 Early 2023"]
[White "Lopez, Henry"]
[Black "Smith, Shreyas"]
[WhiteFideId "5203830"]
[BlackFideId "7400713"]
[WhiteElo "2177"]
[BlackElo "2151"]
[Result "1-0"]
[Round "11"]
[TimeControl "180+2"]
[Date "2023.05.03"]
[WhiteClock "0:00:00"]
[BlackClock "0:00:00"]

1. d4 Nf6 2. Nf3 d5 3. c4 c6 4. Nc3 e6 5. Bg5 Nbd7 6. e3 Qa5 7. cxd5 Nxd5 8. Qd2 Bb4 9. Rc1 Nxc3 10. bxc3 Ba3 11. Rb1 b6 12. Bd3 Ba6 13. O-O Bxd3 14. Qxd3 O-O 15. e4 Rfe8 16. e5 Bf8 17. c4 c5 18. Bd2 Qa6 19. Ng5 f5 20. exf6 Nxf6 21. dxc5 Bxc5 22. Bc3 Rad8 23. Qh3 Bd4 24. Nxe6 Bxc3 25. Nxd8 Qxc4 26. Rbc1 Nd5 27. Qd7 Re7 28. Qd6 Qc5 29. Qxc5 1-0


[Site "https://www.chess.com"]

[Event "Titled Tuesday Blitz May 2 Early 2023"]
[White "Buchenau, Frank"]
[Black "Begunov, Konstantin"]
[WhiteFideId "4604350"]
[BlackFideId "4118510"]
[WhiteElo "2157"]
[BlackElo "2087"]
[Result "0-1"]
[Round "11"]
[TimeControl "180+2"]
[Date "2023.05.03"]
[WhiteClock "0:00:00"]
[BlackClock "0:00:00"]

1. e4 c5 2. Nf3 d6 3. Bb5+ Bd7 4. Bxd7+ Qxd7 5. c4 Nf6 6. Nc3 Nc6 7. d4 cxd4 8. Nxd4 Qg4 9. Qxg4 Nxg4 10. Nxc6 bxc6 11. f4 g6 12. h3 Nf6 13. Be3 Bg7 14. c5 Rb8 15. O-O-O d5 16. Bd4 dxe4 17. Nxe4 Nxe4 18. Bxg7 Rg8 19. Bd4 Rb5 20. Rhe1 Nxc5 21. Re5 Ne6 22. Rxb5 cxb5 23. Be3 a6 24. g4 f5 25. Rd5 Rf8 26. Re5 Kd7 27. Rd5+ Kc6 28. Re5 Kd6 29. a4 fxg4 30. hxg4 Nxf4 31. Re4 Nd3+ 32. Kc2 Nc5 33. Rd4+ Kc6 34. axb5+ axb5 35. Rd2 Rf3 36. Re2 Kd5 37. Rd2+ Kc6 38. Re2 Ne6 39. g5 Kd5 40. Kd2 Rf5 41. Rh2 Nxg5 42. Bxg5 Rxg5 43. Rxh7 Rg2+ 44. Kc3 e5 45. Rb7 Kc6 46. Re7 Rg3+ 47. Kb4 Kd5 48. Kxb5 Rb3+ 49. Ka4 Rxb2 50. Rg7 e4 51. Rxg6 Kd4 52. Ka3 Rb7 53. Rd6+ Ke3 54. Re6 Kd3 55. Rd6+ Ke2 56. Ka4 e3 57. Ka5 Ke1 58. Ka6 Rb3 59. Re6 e2 0-1


[Site "https://www.chess.com"]

[Event "Titled Tuesday Blitz May 2 Early 2023"]
[White "Napoli, Nicolo"]
[Black "Vivas Zamora, Fabian Ernesto"]
[WhiteFideId "813702"]
[BlackFideId "3902480"]
[WhiteElo "2308"]
[BlackElo "2262"]
[Result "1/2-1/2"]
[Round "11"]
[TimeControl "180+2"]
[Date "2023.05.03"]
[WhiteClock "0:00:00"]
[BlackClock "0:00:00"]

1. e4 c5 2. Nf3 d6 3. c3 Nf6 4. Qc2 Nc6 5. Bb5 Bg4 6. Be2 Rc8 7. O-O g6 8. h3 Bxf3 9. Bxf3 Bg7 10. d3 O-O 11. Qe2 Ne5 12. Be3 d5 13. exd5 Nxf3+ 14. Qxf3 Qxd5 15. Qxd5 Nxd5 16. Rd1 Rfd8 17. Na3 a6 18. Nc2 b5 19. d4 cxd4 20. Bxd4 b4 21. Bxg7 Kxg7 22. Nxb4 Nxb4 23. cxb4 Rxd1+ 24. Rxd1 Rc2 1/2-1/2


[Site "https://www.chess.com"]

[Event "Titled Tuesday Blitz May 2 Early 2023"]
[White "De Souza, Cristiano Gomes"]
[Black "Panda Sambit"]
[WhiteFideId "2151758"]
[BlackFideId "25091794"]
[WhiteElo "2068"]
[BlackElo "2272"]
[Result "1-0"]
[Round "11"]
[TimeControl "180+2"]
[Date "2023.05.03"]
[WhiteClock "0:00:01"]
[BlackClock "0:00:01"]

1. d4 g6 2. c4 Bg7 3. Nf3 Nf6 4. Nc3 c5 5. d5 O-O 6. e4 d6 7. h3 e6 8. Bd3 exd5 9. cxd5 b5 10. Nxb5 Nxe4 11. O-O Nf6 12. Bf4 Nxd5 13. Bxd6 a6 14. Bxf8 Qxf8 15. Bxg6 Nf4 16. Be4 axb5 17. Bxa8 Bxb2 18. Rb1 Qg7 19. g3 Nxh3+ 20. Kh2 Nd7 21. Bc6 Nf6 22. Qd8+ Qf8 23. Qxf8+ Kxf8 24. Rxb2 1-0


[Site "https://www.chess.com"]

[Event "Titled Tuesday Blitz May 2 Early 2023"]
[White "Horak, Martin"]
[Black "Ng, Gary"]
[WhiteFideId "367095"]
[BlackFideId "2604914"]
[WhiteElo "2091"]
[BlackElo "2213"]
[Result "1-0"]
[Round "11"]
[TimeControl "180+2"]
[Date "2023.05.03"]
[WhiteClock "0:00:00"]
[BlackClock "0:00:00"]

1. e4 c6 2. d4 d5 3. Nc3 dxe4 4. Nxe4 Bf5 5. Ng3 Bg6 6. Nf3 Nd7 7. h4 h6 8. h5 Bh7 9. Bd3 Bxd3 10. Qxd3 Ngf6 11. Bd2 e6 12. O-O-O c5 13. Ne4 cxd4 14. Qxd4 Qc7 15. Be3 Rc8 16. Rd2 Nxe4 17. Qxe4 Bc5 18. Rhd1 Nf6 19. Qa4+ Kf8 20. Bxc5+ Qxc5 21. Nd4 Kg8 22. f3 Nxh5 23. g4 Nf6 24. Nb5 a6 25. Nc3 Kh7 26. Qf4 Qg5 27. Qxg5 hxg5 28. Rh1+ Kg6 29. Rxh8 Rxh8 30. b4 Rc8 31. Kb2 Rc4 32. Kb3 b5 33. a4 Rf4 34. axb5 axb5 35. Rd3 Kh6 36. Nxb5 Nd5 37. c3 f5 38. Nd4 Kg6 39. Nxe6 Nf6 40. Nxf4+ gxf4 41. gxf5+ Kxf5 42. b5 g5 43. b6 g4 44. fxg4+ Nxg4 45. b7 Ke4 46. Rd4+ Ke3 47. b8=Q 1-0


[Site "https://www.chess.com"]

[Event "Titled Tuesday Blitz May 2 Early 2023"]
[White "Sai Han Thiha"]
[Black "Biriukov, Ilja"]
[WhiteFideId "13012290"]
[BlackFideId "4113373"]
[WhiteElo "1954"]
[BlackElo "2426"]
[Result "1-0"]
[Round "11"]
[TimeControl "180+2"]
[Date "2023.05.03"]
[WhiteClock "0:00:01"]
[BlackClock "0:00:00"]

1. d4 Nf6 2. c4 g6 3. Nc3 Bg7 4. e4 d6 5. Nf3 O-O 6. Be2 Nbd7 7. Be3 e5 8. d5 a5 9. Nd2 Nc5 10. g4 b6 11. h4 Ne8 12. h5 g5 13. h6 Bf6 14. Nf1 Kh8 15. Ng3 Rg8 16. Kf1 Be7 17. Kg2 Nd7 18. a3 Nf8 19. Nf5 Bxf5 20. exf5 f6 21. Ne4 Qd7 22. b4 Ra6 23. c5 dxc5 24. Bxa6 1-0


[Site "https://www.chess.com"]

[Event "Titled Tuesday Blitz May 2 Early 2023"]
[White "Kiselev, Pavel"]
[Black "Koridze, Lile"]
[WhiteFideId "4191102"]
[BlackFideId "13612514"]
[WhiteElo "2145"]
[BlackElo "2047"]
[Result "0-1"]
[Round "11"]
[TimeControl "180+2"]
[Date "2023.05.03"]
[WhiteClock "0:00:00"]
[BlackClock "0:00:00"]

1. Nf3 Nf6 2. c4 e6 3. d4 d5 4. g3 Bb4+ 5. Bd2 Be7 6. Bg2 O-O 7. O-O c6 8. Qc2 b6 9. Bf4 Bb7 10. b3 Nh5 11. Bc1 f5 12. Bb2 Nd7 13. Ne5 Nhf6 14. f3 Rc8 15. Nd2 c5 16. Nxd7 Qxd7 17. dxc5 Bxc5+ 18. Kh1 b5 19. cxb5 Qxb5 20. Qd1 Ba6 21. e4 dxe4 22. fxe4 Ng4 23. exf5 exf5 24. Nc4 Nf2+ 25. Rxf2 Bxf2 26. Nd6 Qd7 27. Nxc8 Qxc8 28. Qd5+ Kh8 29. Qe5 Qd7 30. Qd5 Qxd5 31. Bxd5 Rd8 32. Bf3 Rd3 33. Bg2 Be3 34. Re1 h6 35. Bf1 Bb7+ 36. Bg2 Bxg2+ 37. Kxg2 Rd2+ 38. Kf3 Rxb2 39. Rxe3 Rxa2 40. h4 Kh7 41. Kf4 Rf2+ 42. Ke5 Kg6 43. Kd6 Kf7 44. Kc7 a5 45. Kb6 Ra2 46. Re5 Kf6 47. Rxa5 Rxa5 48. Kxa5 g5 49. hxg5+ hxg5 50. Kb4 f4 51. gxf4 g4 52. Kc5 g3 53. b4 g2 54. b5 g1=Q+ 55. Kc6 Ke6 56. b6 Qc1+ 57. Kb7 Kd7 58. Ka8 Kc6 59. b7 Qa3+ 60. Kb8 Qd6+ 61. Ka8 Qa3+ 62. Kb8 Kb6 63. Kc8 Qf8+ 64. Kd7 Kxb7 0-1


[Site "https://www.chess.com"]

[Event "Titled Tuesday Blitz May 2 Early 2023"]
[White "Gatterer, Florian"]
[Black "Kiseljova, Marya"]
[WhiteFideId "811688"]
[BlackFideId "4155009"]
[WhiteElo "2221"]
[BlackElo "1851"]
[Result "1/2-1/2"]
[Round "11"]
[TimeControl "180+2"]
[Date "2023.05.03"]
[WhiteClock "0:00:01"]
[BlackClock "0:00:01"]

1. e4 c5 2. Nf3 Nc6 3. Bb5 e5 4. O-O Bd6 5. c3 a6 6. Bc4 b5 7. Bb3 c4 8. Bc2 Nge7 9. d4 cxd3 10. Bxd3 Bc7 11. a4 b4 12. c4 d6 13. h3 O-O 14. b3 h6 15. Be3 f5 16. exf5 1/2-1/2


[Site "https://www.chess.com"]

[Event "Titled Tuesday Blitz May 2 Early 2023"]
[White "Fernandez Siles, Luis"]
[Black "Delorme, Alban"]
[WhiteFideId "2209420"]
[BlackFideId "623636"]
[WhiteElo "2195"]
[BlackElo "2196"]
[Result "1-0"]
[Round "11"]
[TimeControl "180+2"]
[Date "2023.05.03"]
[WhiteClock "0:00:00"]
[BlackClock "0:00:00"]

1. d4 Nf6 2. c4 g6 3. Nc3 Bg7 4. e4 d6 5. Nf3 O-O 6. Be2 e5 7. O-O exd4 8. Nxd4 Re8 9. f3 c6 10. Kh1 d5 11. exd5 cxd5 12. c5 Nc6 13. Bg5 h6 14. Bh4 Be6 15. Rc1 Qd7 16. Bf2 Nh5 17. Ncb5 Nf4 18. Re1 Nxe2 19. Rxe2 Nxd4 20. Nxd4 Rac8 21. b4 a5 22. a3 axb4 23. axb4 Bf5 24. g4 Rxe2 25. Nxe2 Be6 26. Bd4 Re8 27. Bxg7 Kxg7 28. Qd4+ Kg8 29. Nf4 Bxg4 30. fxg4 Qxg4 31. Rf1 Re4 32. Qf2 d4 33. Nd5 Re6 34. Qxf7+ Kh8 35. Qf8+ Kh7 36. Rf7# 1-0


[Site "https://www.chess.com"]

[Event "Titled Tuesday Blitz May 2 Early 2023"]
[White "Sanchez, German"]
[Black "Arat, Ufuk Sezen"]
[WhiteFideId "4403959"]
[BlackFideId "6309089"]
[WhiteElo "1816"]
[BlackElo "2289"]
[Result "0-1"]
[Round "11"]
[TimeControl "180+2"]
[Date "2023.05.03"]
[WhiteClock "0:00:00"]
[BlackClock "0:00:00"]

1. e4 c5 2. Nf3 e6 3. d4 cxd4 4. Nxd4 Nc6 5. Nb3 Qc7 6. Nc3 a6 7. g3 b5 8. Bg2 Bb7 9. O-O Nf6 10. Bf4 d6 11. Re1 Be7 12. Nd4 Nxd4 13. Qxd4 e5 14. Qd3 exf4 15. gxf4 O-O 16. Kh1 Rad8 17. Rg1 d5 18. e5 Ne4 19. Nxe4 dxe4 20. Qg3 Qxc2 21. Rac1 Qxb2 22. Rc7 g6 23. Rxe7 Bd5 24. h4 Qb4 25. Rc7 Rc8 26. Rxc8 Rxc8 27. h5 Qf8 28. Bh3 Rc2 29. Rd1 Qc5 30. h6 e3+ 31. Bg2 Rd2 32. Re1 exf2 33. Rf1 Qd4 34. Qg5 Bxg2+ 35. Kxg2 Qd5+ 36. Kh2 Qd8 37. Qxd8+ Rxd8 38. Rxf2 f6 39. e6 Kf8 40. f5 Ke7 41. Rc2 gxf5 42. Rc7+ Kxe6 43. Rxh7 f4 44. Kg2 Kf5 45. Rg7 Rh8 46. h7 a5 47. Kf3 b4 48. Rb7 Kg6 49. Kxf4 Rxh7 50. Rb5 Rh4+ 51. Kg3 Rh5 52. Rb6 Rc5 53. Kf4 Rc2 54. a4 bxa3 55. Rb5 Rc4+ 56. Kg3 Ra4 57. Rb1 a2 58. Ra1 Kf5 59. Kf3 Ra3+ 60. Ke2 Ke4 61. Kd2 f5 62. Kc2 f4 63. Kb2 Ra4 64. Kb3 Rb4+ 65. Kc3 f3 66. Rxa2 Ke3 67. Rxa5 Rf4 68. Re5+ Kf2 69. Kd2 Kf1 70. Ke3 Rf8 71. Ra5 f2 72. Rg5 Re8+ 73. Kf3 Ke1 74. Ra5 f1=Q+ 75. Kg3 Qf2+ 76. Kh3 Rh8+ 77. Kg4 Rh4+ 78. Kg5 Qf4+ 79. Kg6 Rh6+ 80. Kg7 Qf6+ 0-1


[Site "https://www.chess.com"]

[Event "Titled Tuesday Blitz May 2 Early 2023"]
[White "Stanojevic, Ilija"]
[Black "Allahverdiyeva, Ayan"]
[WhiteFideId "959995"]
[BlackFideId "13412590"]
[WhiteElo "2138"]
[BlackElo "1980"]
[Result "0-1"]
[Round "11"]
[TimeControl "180+2"]
[Date "2023.05.03"]
[WhiteClock "0:00:00"]
[BlackClock "0:00:00"]

1. d4 Nf6 2. c4 e6 3. g3 c5 4. d5 exd5 5. cxd5 d6 6. Nc3 g6 7. Bg2 Bg7 8. Nf3 O-O 9. O-O a6 10. a4 Re8 11. Bf4 Qc7 12. Rc1 Nbd7 13. b4 Nh5 14. Bd2 cxb4 15. Nb5 Qxc1 16. Qxc1 axb5 17. axb5 b3 18. Bc3 Rxe2 19. Bxg7 Kxg7 20. Qc3+ Nhf6 21. Qxb3 Nc5 22. Qc4 Raa2 23. Qf4 Nd3 24. Qxd6 Nxf2 25. Nd4 Red2 26. Qf4 N2g4 27. Bh3 Rxh2 28. Nf3 Rxh3 29. d6 Bd7 30. Ne5 Rhh2 31. Qf3 Rag2+ 32. Qxg2 Rxg2+ 33. Kxg2 Nxe5 34. Rc1 Ne8 35. b6 Nxd6 36. Rd1 Nec4 0-1


[Site "https://www.chess.com"]

[Event "Titled Tuesday Blitz May 2 Early 2023"]
[White "Melikhov, Evgeny V."]
[Black "Kohler, Aran"]
[WhiteFideId "4122046"]
[BlackFideId "1002856"]
[WhiteElo "2158"]
[BlackElo "2010"]
[Result "0-1"]
[Round "11"]
[TimeControl "180+2"]
[Date "2023.05.03"]
[WhiteClock "0:00:00"]
[BlackClock "0:00:00"]

1. d4 Nf6 2. c4 c5 3. d5 b5 4. cxb5 a6 5. b6 Qxb6 6. Nc3 d6 7. a4 a5 8. e4 g6 9. Bb5+ Nbd7 10. Nf3 Bg7 11. e5 dxe5 12. Nxe5 O-O 13. Nc4 Qc7 14. Bd2 Ne8 15. Bc6 Rb8 16. Nb5 Qd8 17. Bxa5 Nb6 18. O-O Nd6 19. Nxb6 Rxb6 20. Nxd6 exd6 21. Ra2 Ba6 22. Re1 Qb8 23. Bxb6 Qxb6 24. b3 Bc3 25. Re7 Qd8 26. Ra7 Bc8 27. Ra8 Qb6 28. Re2 Kg7 29. h3 Ba6 30. Rxf8 Kxf8 31. Re8+ Kg7 32. Qc2 Be5 33. g3 c4 34. bxc4 Qd4 35. Kg2 Bxc4 36. Ra8 Bd3 37. Qc1 Be4+ 38. Kh2 Qxf2# 0-1


[Site "https://www.chess.com"]

[Event "Titled Tuesday Blitz May 2 Early 2023"]
[White "Omariev, Maksim"]
[Black "Yonal, Timur"]
[WhiteFideId "4193423"]
[BlackFideId "44115725"]
[WhiteElo "2304"]
[BlackElo "1966"]
[Result "1-0"]
[Round "11"]
[TimeControl "180+2"]
[Date "2023.05.03"]
[WhiteClock "0:00:00"]
[BlackClock "0:00:00"]

1. g4 d5 2. Bg2 Bxg4 3. c4 c6 4. Qb3 Qc8 5. cxd5 cxd5 6. Nc3 Nf6 7. Nxd5 Nxd5 8. Bxd5 Nc6 9. Bxf7+ Kd8 10. Nf3 e5 11. O-O Bxf3 12. Qxf3 Nd4 13. Qe4 Qf5 14. Qxf5 Nxf5 15. e3 Bd6 16. b3 Ke7 17. Bd5 Rab8 18. Bb2 Rhc8 19. Rac1 b6 20. Be4 g6 21. f3 Ke6 22. Kf2 Rxc1 23. Rxc1 Bc5 24. Ke2 Rd8 25. a3 a5 26. Rc4 h5 27. b4 axb4 28. axb4 Bd6 29. Bc3 Ne7 30. d4 b5 31. d5+ Kf7 32. Rc6 Nxc6 33. dxc6 Rc8 34. Bd5+ Ke7 35. e4 Ra8 36. Kd3 Ra3 37. Kc2 Ra4 38. Kb3 Ra7 39. Kb2 Kf6 40. f4 Re7 41. Kc2 g5 42. f5 g4 43. Kd3 h4 44. Ke3 g3 45. hxg3 h3 46. Kf2 Rh7 47. Kg1 Bc7 48. Kh2 Kg5 49. Bd2+ Kg4 50. f6 Kf3 51. f7 Rh8 52. Bg5 Ke2 53. Bh4 Kd3 54. Kxh3 Kc3 55. Kg4 Kxb4 56. Kf5 Kc3 57. Kg6 b4 58. Kg7 Ra8 59. f8=Q Rxf8 60. Kxf8 b3 61. Bxb3 Kxb3 62. Ke7 Kb4 63. Kd7 Bb6 64. c7 1-0


[Site "https://www.chess.com"]